AoeStats
← Xico10catl

Black Forest

507211705Analyzed
2v2 RM · 16d ago on Sep 17, 2026· 100m 16s· 4 players
Game mode
Random Map
Map size
Medium (4 player)
Population
200
Speed
Normal
Resources
Standard
Victory
Conquest
Starting age
Dark Age
Ending age
Imperial Age
RankedLock teamsTeams togetherTeam positionsShared explorationLock speedFull tech treeHidden civsTurbo modeCheats
Victory
Defeat
🇺🇸 Spanish · United States
1037
+13
🇩🇪 Muisca · Germany
1037
+13
🇲🇽 Persians · Mexico
965
-13
🇺🇸 Vikings · United States
964
-13
DSLG | Mr.Olivaz
0:52 Loom
13:06 Feudal Age
18:33 Castle Age
19:22 Horse Collar
19:28 Double-Bit Axe
24:35 Gold Mining
26:42 Bow Saw
26:34 Heavy Plow
27:24 Stone Mining
31:28 Fortified Wall
35:05 Imperial Age
32:23 Town Watch
33:47 Gold Shaft Mining
33:55 Forging
33:47 Chieftains
35:13 Fletching
36:47 Chemistry
35:15 Onager
37:08 Conscription
36:19 Onager
38:02 Treadmill Crane
44:09 Man-at-Arms
44:53 Squires
45:35 Long Swordsman
46:08 Two-Handed Swordsman
47:34 Champion
53:35 Iron Casting
53:01 Scale Mail Armor
82:26 Elite Skirmisher
84:10 Ballistics
Darkfield
0:47 Loom
14:18 Feudal Age
15:05 Gold Mining
14:56 Horse Collar
15:02 Double-Bit Axe
19:57 Castle Age
21:53 Wheelbarrow
21:30 Heavy Plow
23:11 Bow Saw
23:56 Gambesons
24:12 Squires
23:59 Arson
25:19 Town Watch
26:00 Pikeman
26:43 Scale Mail Armor
28:17 Hand Cart
29:32 Kamandaran
29:24 Fletching
30:25 Bodkin Arrow
30:31 Padded Archer Armor
30:28 Crossbowman
32:54 Ballistics
32:47 Thumb Ring
35:55 Imperial Age
37:27 Chemistry
36:49 Leather Archer Armor
36:13 Capped Ram
36:18 Elite War Elephant
37:30 Conscription
39:57 Ring Archer Armor
40:09 Onager
42:24 Scale Barding Armor
45:50 Chain Barding Armor
45:41 Forging
49:09 Plate Barding Armor
60:06 Citadels
81:02 Two-Man Saw
83:03 Crop Rotation
SemperBlender
5:57 Loom
12:26 Feudal Age
13:24 Double-Bit Axe
15:22 Horse Collar
15:41 Gold Mining
19:20 Castle Age
19:53 Stone Mining
20:23 Bow Saw
20:17 Heavy Plow
21:44 Wheelbarrow
23:44 Hand Cart
24:01 Town Watch
27:01 Fishing Lines
30:41 Imperial Age
29:59 Gillnets
31:29 Gold Shaft Mining
31:32 Stone Shaft Mining
30:42 Onager
32:38 Crop Rotation
33:11 Two-Man Saw
34:04 Siege Engineers
34:21 Siege Onager
35:12 Treadmill Crane
35:54 Ballistics
35:25 Fletching
37:40 Conscription
39:03 Chemistry
37:59 Bodkin Arrow
39:45 Guard Tower
40:06 Masonry
40:32 Bracer
40:32 Padded Archer Armor
43:15 Murder Holes
43:58 Keep
42:48 Elite Guecha Warrior
45:04 Leather Archer Armor
59:59 Town Patrol
62:48 Demolition Ship
63:39 Medium Warships
63:43 Careening
63:44 Clinker Construction
72:16 Spies/Treason
73:32 Hoardings
75:56 Scale Mail Armor
76:55 Dry Dock
76:49 Forging
76:56 Chain Mail Armor
78:21 Iron Casting
78:18 Plate Mail Armor
78:41 Iron Casting
81:26 Herbalism
81:37 Huaracas
Xico10catl
0:34 Loom
15:27 Feudal Age
17:03 Double-Bit Axe
17:02 Horse Collar
23:38 Castle Age
22:42 Gold Mining
22:57 Town Watch
23:47 Wheelbarrow
23:10 Stone Mining
24:35 Caravan
25:03 Bow Saw
24:56 Heavy Plow
26:19 Stone Shaft Mining
34:17 Imperial Age
33:19 Fortified Wall
33:31 Ballistics
33:23 Masonry
33:08 Murder Holes
33:10 Fishing Lines
34:19 Scale Barding Armor
34:16 Padded Archer Armor
35:20 Conscription
36:37 Leather Archer Armor
36:23 Fletching
37:10 Hand Cart
36:56 Town Patrol
38:07 Chain Barding Armor
37:59 Forging
38:32 Bloodlines
38:23 Husbandry
38:59 Bodkin Arrow
42:11 Two-Man Saw
41:54 Supremacy
41:14 Cavalier
42:43 Plate Barding Armor
43:45 Chemistry
43:17 Architecture
45:34 Bracer
46:11 Iron Casting
46:07 Ring Archer Armor
46:23 Hoardings
47:57 Blast Furnace
46:57 Scale Mail Armor
47:54 Gillnets
48:45 Guilds
48:07 Paladin
49:18 Elite Conquistador
53:00 Light Cavalry
53:54 Arrowslits
59:26 Chain Mail Armor
64:24 Guard Tower
65:32 Plate Mail Armor
73:23 Onager
81:31 Inquisition
88:21 Spies/Treason
89:45 Sappers
94:28 Keep
94:14 Bombard Tower
94:05 Clinker Construction
94:00 Siphons
94:07 Careening
94:17 Shipwright
Connection lost

Rejoining the realm…

Still unreachable

The connection could not be restored.

Session expired

The server has moved on; the page needs a fresh start.